Map: Catalyst LE

Players

Gemini

  • Race: Terran Terran
  • League: Master
  • Spawn Location: 11:00

Sartori - Winner!

  • Race: Protoss Protoss
  • League: Master
  • Spawn Location: 5:00

VOD

Have the link to the VOD?

Description

Time

  • Played on: June 27, 2018, 6:50 p.m.
  • Length: 11:05
Show
View Real Time Build Order
Export as new Build Order

Gemini Terran 

Build Orders: Reaper Expand, Mech 

Get SALT Encoding   

  12  0:01  SCV  
  13  0:13  SCV  
  14  0:17  Supply Depot  
  14  0:25  SCV  
  15  0:38  SCV  
  15  0:42  Refinery  
  16  0:46  Barracks  
  16  0:50  SCV  
  17  1:03  SCV  
  18  1:17  SCV  
  19  1:35  Reaper  
  19  1:36  Command Center  
  20  1:42  Orbital Command  
  20  1:59  Supply Depot  
  20  2:04  Refinery  
  20  2:07  Barracks Reactor  
  20  2:15  SCV  
  20  2:20  Factory  
  21  2:28  SCV  
  22  2:40  SCV  
  23  2:46  Marine x2  
  23  2:48  Orbital Command  
  25  2:52  SCV  
  26  3:04  Marine x2  
  26  3:05  Widow Mine  
  30  3:07  SCV  
  31  3:16  Starport, SCV  
  31  3:19  SCV  
  33  3:25  Marine x2  
  33  3:26  Widow Mine  
  37  3:29  SCV  
  37  3:32  SCV  
  39  3:35  Bunker  
  39  3:41  SCV  
  40  3:44  SCV  
  41  3:53  SCV  
  41  3:55  Widow Mine, Medivac  
  43  3:56  Marine  
  46  4:03  Supply Depot  
  46  4:10  SCV  
  46  4:12  SCV  
  46  4:21  Supply Depot  
  46  4:24  SCV x2, Marine  
  46  4:25  Supply Depot, Widow Mine  
  51  4:37  SCV  
  52  4:38  Factory  
  52  4:41  Factory  
  52  5:02  Factory Tech Lab  
  52  5:03  Starport Tech Lab  
  52  5:07  SCV x2  
  54  5:08  Factory  
  54  5:10  Refinery  
  54  5:11  Refinery  
  54  5:19  SCV x2  
  54  5:21  Supply Depot x2  
  55  5:31  SCV x2  
  55  5:43  SCV x2  
  53  5:55  SCV x2  
  53  6:01  Supply Depot  
  53  6:02  Raven  
  55  6:04  Siege Tank  
  55  6:05  Hellion x2  
  55  6:07  Factory Reactor, Factory Tech Lab  
  55  6:09  SCV x2  
  64  6:16  Command Center  
  64  6:19  Supply Depot  
  64  6:21  SCV x2  
  66  6:26  Hellion x2  
  66  6:27  Armory  
  66  6:28  Armory  
  70  6:33  SCV x2  
  72  6:41  Siege Tank  
  72  6:42  Engineering Bay  
  72  6:43  Siege Tank  
  72  6:45  SCV  
  79  6:48  Raven  
  79  6:50  Hellion x2  
  85  7:03  SCV  
  85  7:05  Cyclone x2  
  92  7:16  Infernal Pre-Igniter  
  89  7:44  Raven  
  89  7:46  Cyclone  
  94  7:59  SCV x2  
  94  8:01  Refinery  
  96  8:05  Refinery  
  96  8:10  Barracks  
  96  8:11  SCV x2  
  98  8:13  Planetary Fortress  
  98  8:21  Sensor Tower  
  98  8:23  SCV x2  
  98  8:25  Terran Vehicle Weapons Level 1  
  100  8:30  Sensor Tower  
  100  8:35  SCV x2  
  100  8:41  Siege Tank  
  105  8:47  SCV x2  
  107  8:49  SCV  
  108  8:58  Command Center  
  108  8:59  SCV  
  108  9:00  SCV  
  108  9:01  Siege Tank, SCV  
  114  9:03  Cyclone  
  117  9:23  Supply Depot x3  
  117  9:24  Supply Depot  
  117  9:25  Supply Depot  
  117  9:26  Supply Depot  
  117  9:27  Supply Depot x2  
  117  9:38  Supply Depot  
  117  9:39  Supply Depot  
  117  9:41  Supply Depot  
  117  9:44  Siege Tank, SCV, Hellion x2  
  117  9:45  Cyclone, SCV x2  
  130  9:56  SCV, Command Center  
  130  9:57  SCV x2, Hellbat  
  130  9:58  Hellbat  
  136  10:08  SCV  
  136  10:10  Medivac  
  102  10:28  Widow Mine x2  
  102  10:30  Siege Tank x2  
Show
View Real Time Build Order
Export as new Build Order

Sartori Protoss - Winner!

Build Orders: 1 Gate Expand, Oracle Opening 

Get SALT Encoding   

  12  0:00  Probe  
  13  0:13  Probe  
  14  0:17  Pylon  
  14  0:24  Probe  
  15  0:32  Probe  
  15  0:38  Gateway  
  15  0:40  Probe  
  16  0:46  Assimilator  
  17  0:51  Probe  
  18  1:03  Probe  
  19  1:15  Probe  
  20  1:26  Nexus  
  20  1:37  Cybernetics Core  
  20  1:39  Probe  
  21  1:44  Assimilator  
  21  1:51  Probe  
  22  1:59  Pylon  
  22  2:03  Probe  
  23  2:08  Stalker  
  23  2:17  Probe  
  26  2:26  Stargate  
  26  2:29  Probe  
  27  2:38  Stalker  
  27  2:39  Probe  
  29  2:48  Probe  
  30  2:56  Warp Gate  
  30  3:02  Oracle  
  30  3:03  Probe x2  
  31  3:15  Probe  
  31  3:16  Probe  
  36  3:27  Probe  
  36  3:28  Probe  
  36  3:30  Oracle  
  38  3:39  Probe  
  38  3:40  Probe  
  43  3:45  Stalker  
  45  3:51  Probe  
  46  3:55  Pylon  
  46  3:59  Gateway  
  46  4:01  Gateway  
  46  4:06  Oracle  
  46  4:12  Probe x2  
  48  4:20  Probe  
  48  4:23  Shield Battery  
  48  4:24  Probe  
  48  4:28  Probe  
  48  4:30  Forge  
  50  4:33  Twilight Council  
  50  4:35  Protoss Ground Armor Level 1  
  50  4:37  Probe  
  52  4:46  Nexus  
  52  4:48  Pylon  
  52  4:52  Probe x2  
  54  4:55  Assimilator x2  
  54  5:04  Pylon  
  54  5:06  Probe  
  55  5:07  Sentry  
  55  5:10  Probe  
  58  5:17  Charge  
  58  5:18  Probe  
  58  5:20  Stalker  
  61  5:23  Probe  
  62  5:34  Zealot x2  
  64  5:55  Probe x2  
  58  6:08  Probe x2  
  58  6:09  Probe, Protoss Ground Armor Level 2  
  61  6:20  Gateway  
  61  6:21  Gateway  
  61  6:24  Gateway  
  61  6:26  Probe x2  
  61  6:27  Probe  
  61  6:28  Pylon  
  64  6:38  Probe  
  64  6:39  Probe x2  
  67  6:51  Probe x2  
  67  6:52  Robotics Facility  
  67  6:54  Pylon  
  69  7:01  Probe  
  70  7:03  Probe  
  70  7:05  Robotics Facility  
  71  7:10  Assimilator  
  71  7:13  Zealot x3  
  71  7:14  Assimilator  
  77  7:18  Pylon  
  77  7:24  Shield Battery, Probe  
  78  7:34  Immortal  
  78  7:37  Templar Archives  
  78  7:39  Probe x3  
  78  7:41  Blink  
  85  7:52  Probe x3  
  88  7:59  Gateway  
  88  8:00  Gateway  
  88  8:02  Gateway  
  88  8:06  Photon Cannon  
  88  8:15  Probe x2  
  88  8:19  Immortal x2  
  98  8:24  Probe  
  98  8:26  Protoss Ground Armor Level 3  
  99  8:29  Pylon  
  99  8:35  High Templar x5  
  99  8:38  Archon x2  
  109  8:45  Pylon  
  109  8:47  Probe x3, Pylon  
  109  8:48  Pylon  
  112  8:51  High Templar  
  114  8:56  Immortal x2  
  114  8:59  Probe x2  
  116  9:04  Archon  
  116  9:08  Zealot x4  
  132  9:10  Probe  
  132  9:11  Probe  
  134  9:22  High Templar x2  
  134  9:23  High Templar  
  140  9:28  Probe  
  140  9:31  Pylon  
  141  9:32  Pylon  
  141  9:36  Pylon  
  141  9:44  Archon, Pylon  
  141  9:48  Warp Prism  
  141  9:49  Probe, Nexus  
  141  9:52  Pylon  
  144  10:00  Probe x2  
  144  10:06  Assimilator, Zealot x2  
  144  10:07  Zealot x5  
  156  10:10  Assimilator  
  144  10:25  Gateway  
  126  10:35  High Templar x3  
  126  10:36  High Templar x5  
  140  10:52  Archon  
  140  10:53  Archon x3  
Tags
 
Add a new tag
Caveats
  • Supply blocks, unpowered buildings, or Contaminate may cause inaccurate times.
  • Supply counts are checked every 10 seconds.